 Dungeon Crawl Stone Soup version 0.30-b1-2-g02819fbbbe (webtiles) character file.

Game seed: 10077835675290682782

1327 Dirian the Cleaver (level 8, 0/66 (71) HPs)
             Began as a Minotaur Berserker on May 17, 2023.
             Was a Priest of Trog.
             Slain by a wight
             ... wielding a +6 morningstar of freezing
              (7 damage)
             ... on level 5 of the Dungeon.
             The game lasted 00:05:39 (3227 turns).

Dirian the Cleaver (Minotaur Berserker)             Turns: 3227, Time: 00:05:40

HP:   0/66 (71)     AC: 10    Str: 25    XL:     8   Next: 34%
MP:   7/7           EV: 11    Int:  4    God:    Trog [***...]
Gold: 291           SH:  0    Dex:  9    Spells: 7/7 levels left

rFire   + . .        a - +0 war axe (freeze)
rCold   + . .        (no shield)
rNeg    . . .        k - +0 ring mail
rPois   .            (helmet restricted)
rElec   .            (no cloak)
rCorr   .            z - +0 pair of gloves
SInv    .            f - +1 pair of boots
Will    .....        e - amulet of regeneration Stlth
                     i - ring of protection from fire
HPRegen 1.11/turn    y - ring of protection from cold
MPRegen 0.10/turn

%: no passive effects
@: drained
A: horns 2, retaliatory headbutt
a: Renounce Religion, Berserk, Trog's Hand


You were on level 5 of the Dungeon.
You worshipped Trog.
Trog was most pleased with you.
You visited 1 branch of the dungeon, and saw 5 of its levels.
You also visited: Ossuary.

You collected 291 gold pieces.

Inventory:

Hand Weapons
 a - a +0 war axe of freezing (weapon)
 b - the +4 mace of Taman {flame, rC+ Int+2 SInv}
   (You found it on level 3 of the Dungeon)

   Int:       It affects your intelligence (+2).
   rC:        It protects you from cold.
   SInv:      It lets you see invisible.
Missiles
 m - a throwing net (quivered)
Armour
 f - a +1 pair of boots (worn)
 k - a +0 ring mail (worn)
 u - a +0 plate armour
 z - a +0 pair of gloves (worn)
Jewellery
 e - an amulet of regeneration (around neck)
 i - a ring of protection from fire (left hand)
 y - a ring of protection from cold (right hand)
Wands
 w - a wand of light (3)
Scrolls
 d - a scroll of butterflies
 j - a scroll of enchant armour
 p - a scroll of fear
 t - a scroll of teleportation
Potions
 c - a potion of flight
 g - a potion of attraction
 h - a potion of haste
 l - 2 potions of cancellation
 o - 2 potions of invisibility
 q - 3 potions of curing
 s - a potion of heal wounds {unknown}
 v - a potion of degeneration {unknown}
 x - 2 potions of berserk rage {unknown}


   Skills:
 + Level 6.6 Fighting
 + Level 9.6 Axes
 * Level 6.6 Armour
 - Level 2.1 Dodging


You had 7 spell levels left.
You didn't know any spells.
Your spell library was empty.

Dungeon Overview and Level Annotations

Branches:
Dungeon (5/15) Zot: 26904 Ossuary (visited)
 Temple: D:4-7

Altars:
Ashenzari
Cheibriados
Okawaru
Trog
Uskayaw
Wu Jian
The Shining One


Innate Abilities, Weirdness & Mutations

You have a pair of horns on your head.
You reflexively headbutt those who attack you in melee.


Message History

You are too injured to fight recklessly!
You are too injured to fight recklessly!
You slash the wight!
You destroy the wight!
Trog accepts your kill.
Your life force feels restored.
Found a stone staircase leading up.
A wight comes into view. It is wielding a +4 flail.
Things that are here:
a +0 war axe; a +0 robe of positive energy A wight comes into view.
It is wielding a +6 morningstar of freezing.
The wight moves out of view.
You barely miss the wight. The wight hits you with a +4 flail.
You feel drained.
You slash the wight! You freeze the wight.
The wight is severely damaged.
You hit the wight but do no damage. The wight hits you with a +4 flail.
The wight hits you with a +6 morningstar of freezing.
The wight freezes you.
You barely miss the wight. Your headbutt misses the wight.
The wight is severely damaged.
You closely miss the wight. The wight hits you with a +4 flail.
The wight misses you.
You slash the wight!
You destroy the wight!
Trog accepts your kill.
You barely miss the wight.
The wight hits you with a +6 morningstar of freezing.
The wight freezes you.
Your life force feels restored.
A wight comes into view. It is wielding a +0 battleaxe.
The wight hits you with a +6 morningstar of freezing!
You feel drained. The wight freezes you.
Things that are here:
a +4 flail; a +0 robe; a potion of invisibility You barely miss the wight.
You punch the wight, but do no damage.
The wight hits you with a +6 morningstar of freezing!!
* * * LOW HITPOINT WARNING * * *
You feel drained.
You die...

...# ... ..# ..... ...
.... .... ##.. .... ....
#... ##..# ..<.. ...##
.#.#.z.#...##...##
....##...#..............
#...#...##.. #@z......
#.......... ###........
#.........# ##..........
.......... ##.....#.....
#.)..#...###...)...#....
##.###....#.......##....
....##......#......# ...
....###.###.#)<#........
..####...####......#...


You could see 2 wights.

Vanquished Creatures
  The ghost of 0o0o the Cutter, a novice SpWr of Dithmenos (D:4)
  2 ogres
  3 elf zombies (Ossuary)
  3 wights (D:5)
  A centaur zombie (Ossuary)
  2 human zombies (Ossuary)
  2 jellies
  A hound (D:4)
  An iguana (D:4)
  Jessica (D:3)
  Natasha (thrice) (D:2)
  A hound zombie (Ossuary)
  3 mummies (Ossuary)
  7 gnolls
  5 adders
  7 adder zombies (Ossuary)
  2 worms (D:2)
  A dart slug (D:1)
  5 orcs (D:4)
  4 ball pythons
  6 bats
  2 endoplasms
  3 giant cockroaches
  A gnoll zombie (Ossuary)
  4 goblins
  6 hobgoblins
  6 jackals
  5 kobolds
  3 quokkas
  5 frilled lizards
  3 goblin zombies (Ossuary)
  3 hobgoblin zombies (Ossuary)
  3 jackal zombies (Ossuary)
  4 kobold zombies (Ossuary)
  2 orc zombies (Ossuary)
  2 quokka zombies (Ossuary)
  3 rats
116 creatures vanquished.

Vanquished Creatures (others)
  6 plants (D:2)
6 creatures vanquished.

Grand Total: 122 creatures vanquished

Notes
Turn   | Place    | Note
-------+----------+-------------------------------------------
     0 | D:1      | Dirian the Minotaur Berserker began the quest for the Orb.
     0 | D:1      | Reached XP level 1. HP: 19/19 MP: 0/0
   161 | D:1      | Reached XP level 2. HP: 20/27 MP: 1/1
   257 | D:1      | Reached skill level 4 in Axes
   747 | D:2      | Reached XP level 3. HP: 33/33 MP: 2/2
   898 | D:2      | Reached ** piety under Trog
  1035 | D:2      | Noticed Natasha
  1042 | D:2      | Killed Natasha
  1152 | D:2      | Reached XP level 4. HP: 30/41 MP: 3/3
  1200 | D:2      | Reached skill level 5 in Axes
  1338 | D:2      | Noticed Natasha
  1345 | D:2      | Killed Natasha
  1346 | D:2      | Reached XP level 5. HP: 40/47 MP: 4/4
  1378 | D:2      | Reached skill level 5 in Fighting
  1409 | D:2      | Noticed Natasha
  1414 | D:2      | Killed Natasha
  1596 | D:3      | Found a bloodstained altar of Trog.
  1596 | D:3      | Found a hide-covered altar of Uskayaw.
  1598 | D:3      | Found an ornate altar of the Wu Jian Council.
  1600 | D:3      | Found a snail-covered altar of Cheibriados.
  1601 | D:3      | Found an iron altar of Okawaru.
  1614 | D:3      | Identified the +4 mace of Taman {flame, rC+ Int+2 SInv}
  1625 | D:3      | Noticed Jessica
  1634 | D:3      | Killed Jessica
  1712 | D:3      | Found a glowing golden altar of the Shining One.
  2173 | D:4      | Reached skill level 6 in Axes
  2228 | D:4      | Reached XP level 6. HP: 35/56 MP: 5/5
  2258 | D:4      | Found a sand-covered staircase.
  2263 | Ossuary  | Entered an ossuary
  2278 | Ossuary  | Reached *** piety under Trog
  2374 | Ossuary  | Reached skill level 5 in Armour
  2378 | Ossuary  | Reached skill level 7 in Axes
  2403 | Ossuary  | Reached XP level 7. HP: 61/61 MP: 6/6
  2613 | D:4      | Identified the +2 robe "Gopsamu" {rElec Will- Dex+5}
  2639 | D:4      | Reached skill level 8 in Axes
  2662 | D:4      | Found a runed translucent door.
  2669 | D:4      | Noticed 0o0o's ghost (novice SpWr)
  2682 | D:4      | Killed 0o0o's ghost
  2754 | D:4      | Reached skill level 9 in Axes
  2754 | D:4      | Reached XP level 8. HP: 71/71 MP: 7/7
  2983 | D:4      | Found a broken altar of Ashenzari.
  3133 | D:5      | Entered Level 5 of the Dungeon
  3227 | D:5      | Slain by a wight

Illustrated notes

Levels and vault maps discovered:
D:1:      minmay_arrival_shoal_huts, layout_basic
D:2:      layout_basic, serial_forest, infiniplex_forest_corner_2,
          infiniplex_forest_clump_small, infiniplex_forest_end_2,
          infiniplex_forest_fountain, infiniplex_forest_clump_tiny,
          infiniplex_forest_end_1, infiniplex_forest_end_1, uniq_natasha
D:3:      layout_basic, mainiacjoe_overflow_24_doors,
          grunt_temple_overflow_open, uniq_jessica
D:4:      layout_loops_ring, mainiacjoe_overflow_tiny_flanked, enter_ossuary_2,
          ebering_ghost_sewer_d
D:5:      layout_cave_pools, overflow_temple_1_default

Skill      XL: |  1  2  3  4  5  6  7 |
---------------+----------------------+-----
Fighting       | 4 5 6 |  6.6
Axes           | 4 5 6 7 9 |  9.6
Armour         | 3 4 5 6 |  6.6
Dodging        | |  2.1

Action                     |  1- 3 |  4- 6 |  7- 9 || total
---------------------------+-------+-------+-------++-------
  Melee: Hand axe          |    78 |    87 |       ||   165
         Headbutt          |    10 |    25 |    13 ||    48
         War axe           |       |    65 |    87 ||   152
         Punch             |       |     1 |     4 ||     5
 Invoke: Berserk           |       |       |     1 ||     1
    Use: Scroll            |       |     9 |     8 ||    17
 Armour: Animal skin       |    11 |       |       ||    11
         Ring mail         |    17 |    54 |    22 ||    93
  Dodge: Dodged            |    52 |    69 |    51 ||   172
